Connexion

Crunch vs Monsters

Created - 27 février 2024 at 05:53

Goals
1 2 3 T
Crunch 0 0 0 0
Monsters 1 1 2 4
Shots
1 2 3 T
Crunch 5 11 7 23
Monsters 9 7 18 34

GoalsPenalties
1st period
1. Monsters , Andrew Poturalski 20 (Alex Formenton 55, Nicholas Abruzzese 53) at 0:38
Paul Bittner (SYR) for Holding (Minor) at 5:58
Jaycob Megna (SYR) for Delaying the game (Minor) at 13:39
Dysin Mayo (CLE) for Slashing (Minor) at 19:18
2nd period
2. Monsters , Nicholas Abruzzese 34 (Alex Formenton 56, Dysin Mayo 34) at 19:47
No Penalty
3rd period
3. Monsters , Nathan Walker 5 (Max Willman 23, Justin Bailey 9) at 4:30
4. Monsters , Nathan Walker 6 (Max Willman 24, Dysin Mayo 35) at 12:19
Garnet Hathaway (SYR) for Cross-checking (Minor) at 5:06
Goalie Stats
Tyler Parsons (SYR), 30 saves from 34 shots - (0,882), L, 7-2-3, 60:00 minutes
Kevin Mandolese (CLE), 23 saves from 23 shots - (1,000), W, 38-19-4, 60:00 minutes
3 StarsOfficial
1 - Nathan Walker (CLE)
2 - Kevin Mandolese (CLE)
3 - Andrew Poturalski (CLE)
Referees : Dennis LaRue and Jean Hebert
Linesman : David Brisebois and Vaughan Rody
Game Note
No Game Note
Finance
Level 1 -- Attendance: 1359 (67,95%) -- Ticket Income $54,360
Level 2 -- Attendance: 978 (97,80%) -- Ticket Income $19,560
Total Attendance: 2337 (77,90%)
Total Ticket Income: $73,920
Other Income: $14,784
Total Income: $88,704



Team Name Goals Shots Shots Attemp Shots Blocked PIM HIT PP PK FO%
Crunch 0235176220 / 1 (0%)055%
Monsters 4345752310 / 3 (0%)045%

Crunch
Player Name POS G A P +/- PIM HIT SHT SB MP PP MP PP SHT PK MP PK SHT FO% FOT
Axel AnderssonD000-2000123:301:2602:1800% 0
Blaine ByronC/LW000-2021018:290:3301:01050% 4
Blake McLaughlinC/LW000-101107:260:0000:00040% 10
Connor CorcoranD000-1040119:100:3302:0100% 0
Garnet HathawayRW0000253020:241:2602:070100% 1
Jaycob MegnaD000-2250123:041:2601:5300% 0
Jean-Christophe BeaudinC/RW000-2001118:040:3301:05056% 18
Kody ClarkRW000-2002018:040:3311:0500% 0
Mason ShawC/LW0000005019:491:2601:31040% 5
Mike VecchioneC/RW000-1000011:200:0000:00058% 12
Mikko KokkonenD000-1000218:530:3302:1300% 0
Nicolas Aube-KubelRW000-1012011:200:0000:0000% 2
Patrick HarperC/LW000-1002013:040:0001:44067% 3
Paul BittnerLW000-120007:250:0000:000100% 1
Thomas TynanC0000003121:391:2603:21063% 30
Vaclav KarabacekRW000-100007:260:0000:0000% 1
Vojtech BudikD000-1021017:310:0001:4900% 0
Xavier BouchardD000-1022017:220:0001:4000% 0
Monsters
Player Name POS G A P +/- PIM HIT SHT SB MP PP MP PP SHT PK MP PK SHT FO% FOT
Adam GinningD0000002320:532:4900:4600% 0
Alex FormentonLW0222034025:563:2711:47050% 4
Andrew PoturalskiC/RW1012065020:313:2110:12050% 4
Anthony AngelloC/RW0000031019:012:3000:000100% 1
Blade JenkinsC/LW000000003:440:0000:00020% 5
Carsen TwarynskiLW0000010019:132:3000:12033% 3
Chris BigrasD0001030215:480:0001:1300% 0
Dysin MayoD0223222023:183:0810:0000% 0
Filip HallanderC/LW000000000:060:0600:0000% 0
Justin BaileyRW0112002014:510:0000:0000% 0
Mason GeertsenD0000040020:532:4900:4600% 0
Max WillmanC/LW0222003014:510:0000:00064% 22
Mitch ReinkeD0001010015:240:4900:0000% 0
Nathan WalkerLW2022014014:510:0000:0000% 1
Nicholas AbruzzeseC/LW1122016022:123:2721:47032% 28
Nicolas PetanC/LW/RW0000004019:012:3010:00047% 19
Ryan FitzgeraldC/LW000001103:440:0000:0000% 0
Sean DayD0003050023:432:1901:1300% 0



Play-by-Play

1st period


0:01 of 1st period - Thomas Tynan wins face-off versus Nicholas Abruzzese in neutral zone.
0:10 of 1st period - Icing by Nicholas Abruzzese.
0:11 of 1st period - Nicholas Abruzzese wins face-off versus Blaine Byron in Monsters zone.
0:38 of 1st period - Shot by Alex Formenton.
0:38 of 1st period - Deflect By Andrew Poturalski.
0:38 of 1st period - Goal by Andrew Poturalski - Crunch : 0 - Monsters : 1.
0:39 of 1st period - Mike Vecchione wins face-off versus Nicolas Petan in neutral zone.
0:57 of 1st period - Patrick Harper is hit by Mason Geertsen and loses puck.
1:04 of 1st period - Xavier Bouchard is hit by Anthony Angello and loses puck.
1:31 of 1st period - Icing by Xavier Bouchard.
1:32 of 1st period - Mike Vecchione wins face-off versus Blade Jenkins in Crunch zone.
1:36 of 1st period - Patrick Harper is hit by Ryan Fitzgerald and loses puck.
1:40 of 1st period - Patrick Harper is hit by Dysin Mayo and loses puck.
2:00 of 1st period - Shot by Thomas Tynan.
2:00 of 1st period - Shot Misses the Net.
2:02 of 1st period - Shot by Garnet Hathaway.
2:02 of 1st period - Stopped by Kevin Mandolese with a rebound.
2:25 of 1st period - Icing by Jaycob Megna.
2:26 of 1st period - Thomas Tynan wins face-off versus Max Willman in Crunch zone.
4:26 of 1st period - Shot by Andrew Poturalski.
4:26 of 1st period - Shot Misses the Net.
5:14 of 1st period - Shot by Mason Shaw.
5:14 of 1st period - Deflect By Garnet Hathaway.
5:14 of 1st period - Shot Misses the Net.
5:33 of 1st period - Shot by Garnet Hathaway.
5:33 of 1st period - Shot Misses the Net.
5:35 of 1st period - Shot by Garnet Hathaway.
5:35 of 1st period - Shot Blocked by Chris Bigras.
5:37 of 1st period - Shot by Mason Shaw.
5:37 of 1st period - Shot Misses the Net.
5:58 of 1st period - Minor Penalty to Paul Bittner for Holding.
5:59 of 1st period - Thomas Tynan wins face-off versus Nicholas Abruzzese in Crunch zone.
5:59 of 1st period - Thomas Tynan is hit by Andrew Poturalski.
6:21 of 1st period - Shot by Andrew Poturalski.
6:21 of 1st period - Stopped by Tyler Parsons without a rebound.
6:22 of 1st period - Patrick Harper wins face-off versus Carsen Twarynski in Crunch zone.
6:45 of 1st period - Shot by Nicolas Petan.
6:45 of 1st period - Stopped by Tyler Parsons without a rebound.
6:46 of 1st period - Thomas Tynan wins face-off versus Nicholas Abruzzese in Crunch zone.
7:58 of 1st period - Nicolas Petan is hit by Xavier Bouchard and loses puck.
8:48 of 1st period - Patrick Harper is hit by Sean Day and loses puck.
9:00 of 1st period - Icing by Alex Formenton.
9:01 of 1st period - Blake McLaughlin wins face-off versus Blade Jenkins in Monsters zone.
9:55 of 1st period - Icing by Anthony Angello.
9:56 of 1st period - Anthony Angello wins face-off versus Thomas Tynan in Monsters zone.
9:56 of 1st period - Anthony Angello is hit by Garnet Hathaway.
10:16 of 1st period - Shot by Thomas Tynan.
10:16 of 1st period - Deflect By Garnet Hathaway.
10:16 of 1st period - Stopped by Kevin Mandolese without a rebound.
10:17 of 1st period - Max Willman wins face-off versus Patrick Harper in Monsters zone.
12:08 of 1st period - Andrew Poturalski is hit by Connor Corcoran and loses puck.
12:28 of 1st period - Andrew Poturalski is hit by Connor Corcoran and loses puck.
12:53 of 1st period - Icing by Jaycob Megna.
12:54 of 1st period - Jean-Christophe Beaudin wins face-off versus Max Willman in Crunch zone.
13:06 of 1st period - Max Willman is hit by Jaycob Megna and loses puck.
13:09 of 1st period - Shot by Nathan Walker.
13:09 of 1st period - Deflect By Max Willman.
13:09 of 1st period - Stopped by Tyler Parsons without a rebound.
13:10 of 1st period - Nicolas Petan wins face-off versus Blake McLaughlin in Crunch zone.
13:10 of 1st period - Nicolas Petan is hit by Jaycob Megna.
13:20 of 1st period - Nicolas Petan is hit by Blake McLaughlin and loses puck.
13:39 of 1st period - Minor Penalty to Jaycob Megna for Delaying the game.
13:40 of 1st period - Thomas Tynan wins face-off versus Alex Formenton in Crunch zone.
13:55 of 1st period - Connor Corcoran is hit by Andrew Poturalski and loses puck.
14:08 of 1st period - Jean-Christophe Beaudin is hit by Nicholas Abruzzese and loses puck.
14:27 of 1st period - Shot by Nicolas Petan.
14:27 of 1st period - Shot Misses the Net.
15:09 of 1st period - Shot by Dysin Mayo.
15:09 of 1st period - Shot Misses the Net.
15:11 of 1st period - Shot by Andrew Poturalski.
15:11 of 1st period - Shot Misses the Net.
15:13 of 1st period - Shot by Dysin Mayo.
15:13 of 1st period - Stopped by Tyler Parsons without a rebound.
15:14 of 1st period - Andrew Poturalski wins face-off versus Thomas Tynan in Crunch zone.
15:37 of 1st period - Shot by Nicholas Abruzzese.
15:37 of 1st period - Stopped by Tyler Parsons without a rebound.
15:38 of 1st period - Thomas Tynan wins face-off versus Nicolas Petan in Crunch zone.
16:09 of 1st period - Shot by Nathan Walker.
16:09 of 1st period - Deflect By Max Willman.
16:09 of 1st period - Shot Misses the Net.
16:11 of 1st period - Shot by Max Willman.
16:11 of 1st period - Stopped by Tyler Parsons without a rebound.
16:12 of 1st period - Mason Shaw wins face-off versus Nicolas Petan in Crunch zone.
16:12 of 1st period - Mason Shaw is hit by Anthony Angello.
16:41 of 1st period - Shot by Anthony Angello.
16:41 of 1st period - Stopped by Tyler Parsons without a rebound.
16:42 of 1st period - Jean-Christophe Beaudin wins face-off versus Nicholas Abruzzese in Crunch zone.
16:49 of 1st period - Shot by Mikko Kokkonen.
16:49 of 1st period - Shot Hit the Post.
16:51 of 1st period - Shot by Blaine Byron.
16:51 of 1st period - Shot Misses the Net.
16:53 of 1st period - Shot by Blaine Byron.
16:53 of 1st period - Shot Misses the Net.
17:30 of 1st period - Icing by Nicholas Abruzzese.
17:31 of 1st period - Nicholas Abruzzese wins face-off versus Mason Shaw in Monsters zone.
17:56 of 1st period - Shot by Thomas Tynan.
17:56 of 1st period - Stopped by Kevin Mandolese without a rebound.
17:57 of 1st period - Mike Vecchione wins face-off versus Nicolas Petan in Monsters zone.
18:32 of 1st period - Shot by Adam Ginning.
18:32 of 1st period - Stopped by Tyler Parsons without a rebound.
18:33 of 1st period - Max Willman wins face-off versus Thomas Tynan in Crunch zone.
18:44 of 1st period - Shot by Mason Shaw.
18:44 of 1st period - Stopped by Kevin Mandolese with a rebound.
18:50 of 1st period - Shot by Thomas Tynan.
18:50 of 1st period - Shot Blocked by Chris Bigras.
18:54 of 1st period - Shot by Mason Shaw.
18:54 of 1st period - Stopped by Kevin Mandolese without a rebound.
18:55 of 1st period - Jean-Christophe Beaudin wins face-off versus Blade Jenkins in Monsters zone.
19:18 of 1st period - Minor Penalty to Dysin Mayo for Slashing.
19:19 of 1st period - Alex Formenton wins face-off versus Thomas Tynan in Monsters zone.
19:19 of 1st period - Alex Formenton is hit by Garnet Hathaway.
Goals for this period are 0 for Crunch vs 1 for Monsters.
Shots for this period are 5 for Crunch vs 9 for Monsters.

2nd period


0:01 of 2nd period - Thomas Tynan wins face-off versus Alex Formenton in neutral zone.
0:52 of 2nd period - Shot by Blaine Byron.
0:52 of 2nd period - Deflect By Kody Clark.
0:52 of 2nd period - Stopped by Kevin Mandolese without a rebound.
0:53 of 2nd period - Carsen Twarynski wins face-off versus Jean-Christophe Beaudin in Monsters zone.
1:36 of 2nd period - Shot by Vaclav Karabacek.
1:36 of 2nd period - Shot Misses the Net.
2:38 of 2nd period - Shot by Thomas Tynan.
2:38 of 2nd period - Stopped by Kevin Mandolese without a rebound.
2:39 of 2nd period - Jean-Christophe Beaudin wins face-off versus Nicholas Abruzzese in Monsters zone.
2:42 of 2nd period - Shot by Blaine Byron.
2:42 of 2nd period - Stopped by Kevin Mandolese without a rebound.
2:43 of 2nd period - Jean-Christophe Beaudin wins face-off versus Nicholas Abruzzese in Monsters zone.
2:56 of 2nd period - Shot by Alex Formenton.
2:56 of 2nd period - Stopped by Tyler Parsons with a rebound.
2:58 of 2nd period - Shot by Andrew Poturalski.
2:58 of 2nd period - Shot Misses the Net.
3:02 of 2nd period - Shot by Alex Formenton.
3:02 of 2nd period - Shot Blocked by Mikko Kokkonen.
3:50 of 2nd period - Off-side.
3:51 of 2nd period - Max Willman wins face-off versus Mike Vecchione in neutral zone.
4:11 of 2nd period - Icing by Sean Day.
4:12 of 2nd period - Max Willman wins face-off versus Thomas Tynan in Monsters zone.
4:12 of 2nd period - Max Willman is hit by Garnet Hathaway.
4:21 of 2nd period - Icing by Sean Day.
4:22 of 2nd period - Max Willman wins face-off versus Thomas Tynan in Monsters zone.
4:22 of 2nd period - Max Willman is hit by Garnet Hathaway.
4:41 of 2nd period - Icing by Jaycob Megna.
4:42 of 2nd period - Nicholas Abruzzese wins face-off versus Thomas Tynan in Crunch zone.
5:12 of 2nd period - Alex Formenton is hit by Jaycob Megna.
5:17 of 2nd period - Icing by Mason Shaw.
5:18 of 2nd period - Thomas Tynan wins face-off versus Carsen Twarynski in Crunch zone.
5:18 of 2nd period - Thomas Tynan is hit by Anthony Angello.
5:54 of 2nd period - Kody Clark is hit by Sean Day and loses puck.
6:36 of 2nd period - Nicolas Aube-Kubel is hit by Sean Day and loses puck.
6:41 of 2nd period - Shot by Patrick Harper.
6:41 of 2nd period - Stopped by Kevin Mandolese without a rebound.
6:42 of 2nd period - Andrew Poturalski wins face-off versus Blake McLaughlin in Monsters zone.
6:56 of 2nd period - Icing by Vaclav Karabacek.
6:57 of 2nd period - Max Willman wins face-off versus Blake McLaughlin in Crunch zone.
7:02 of 2nd period - Shot by Nathan Walker.
7:02 of 2nd period - Stopped by Tyler Parsons without a rebound.
7:03 of 2nd period - Thomas Tynan wins face-off versus Nicholas Abruzzese in Crunch zone.
7:05 of 2nd period - Icing by Mikko Kokkonen.
7:06 of 2nd period - Thomas Tynan wins face-off versus Nicholas Abruzzese in Crunch zone.
7:11 of 2nd period - Shot by Andrew Poturalski.
7:11 of 2nd period - Stopped by Tyler Parsons without a rebound.
7:12 of 2nd period - Nicholas Abruzzese wins face-off versus Mason Shaw in Crunch zone.
7:12 of 2nd period - Nicholas Abruzzese is hit by Connor Corcoran.
7:24 of 2nd period - Icing by Adam Ginning.
7:25 of 2nd period - Jean-Christophe Beaudin wins face-off versus Nicholas Abruzzese in Monsters zone.
7:27 of 2nd period - Kody Clark is hit by Mason Geertsen and loses puck.
8:14 of 2nd period - Jaycob Megna is hit by Chris Bigras and loses puck.
8:56 of 2nd period - Off-side.
8:57 of 2nd period - Max Willman wins face-off versus Thomas Tynan in neutral zone.
9:14 of 2nd period - Thomas Tynan is hit by Nathan Walker.
9:43 of 2nd period - Icing by Sean Day.
9:44 of 2nd period - Max Willman wins face-off versus Mike Vecchione in Monsters zone.
9:44 of 2nd period - Max Willman is hit by Nicolas Aube-Kubel.
10:00 of 2nd period - Shot by Vojtech Budik.
10:00 of 2nd period - Stopped by Kevin Mandolese without a rebound.
10:01 of 2nd period - Blake McLaughlin wins face-off versus Nicholas Abruzzese in Monsters zone.
10:06 of 2nd period - Shot by Vaclav Karabacek.
10:06 of 2nd period - Shot Misses the Net.
10:08 of 2nd period - Shot by Xavier Bouchard.
10:08 of 2nd period - Stopped by Kevin Mandolese without a rebound.
10:09 of 2nd period - Alex Formenton wins face-off versus Mike Vecchione in Monsters zone.
11:06 of 2nd period - Shot by Mason Shaw.
11:06 of 2nd period - Shot Misses the Net.
11:12 of 2nd period - Shot by Mason Shaw.
11:12 of 2nd period - Stopped by Kevin Mandolese without a rebound.
11:13 of 2nd period - Max Willman wins face-off versus Jean-Christophe Beaudin in Monsters zone.
11:13 of 2nd period - Sean Day is hit by Blaine Byron and loses puck.
11:43 of 2nd period - Icing by Jean-Christophe Beaudin.
11:44 of 2nd period - Jean-Christophe Beaudin wins face-off versus Nicolas Petan in Crunch zone.
12:05 of 2nd period - Xavier Bouchard is hit by Carsen Twarynski.
12:09 of 2nd period - Shot by Carsen Twarynski.
12:09 of 2nd period - Deflect By Anthony Angello.
12:09 of 2nd period - Shot Blocked by Jean-Christophe Beaudin.
12:26 of 2nd period - Icing by Anthony Angello.
12:27 of 2nd period - Mason Shaw wins face-off versus Nicolas Petan in Monsters zone.
12:39 of 2nd period - Axel Andersson is hit by Chris Bigras and loses puck.
13:18 of 2nd period - Shot by Nicholas Abruzzese.
13:18 of 2nd period - Stopped by Tyler Parsons without a rebound.
13:19 of 2nd period - Max Willman wins face-off versus Mike Vecchione in Crunch zone.
13:23 of 2nd period - Icing by Mikko Kokkonen.
13:24 of 2nd period - Patrick Harper wins face-off versus Max Willman in Crunch zone.
13:54 of 2nd period - Shot by Mike Vecchione.
13:54 of 2nd period - Deflect By Nicolas Aube-Kubel.
13:54 of 2nd period - Stopped by Kevin Mandolese without a rebound.
13:55 of 2nd period - Blaine Byron wins face-off versus Nicholas Abruzzese in Monsters zone.
14:05 of 2nd period - Jean-Christophe Beaudin is hit by Dysin Mayo and loses puck.
15:33 of 2nd period - Jean-Christophe Beaudin is hit by Mason Geertsen and loses puck.
15:50 of 2nd period - Shot by Mason Shaw.
15:50 of 2nd period - Stopped by Kevin Mandolese without a rebound.
15:51 of 2nd period - Blade Jenkins wins face-off versus Nicolas Aube-Kubel in Monsters zone.
15:59 of 2nd period - Off-side.
16:00 of 2nd period - Garnet Hathaway wins face-off versus Nicholas Abruzzese in neutral zone.
16:00 of 2nd period - Garnet Hathaway is hit by Andrew Poturalski.
16:26 of 2nd period - Axel Andersson is hit by Alex Formenton and loses puck.
17:11 of 2nd period - Off-side.
17:12 of 2nd period - Max Willman wins face-off versus Vaclav Karabacek in neutral zone.
17:37 of 2nd period - Shot by Blake McLaughlin.
17:37 of 2nd period - Shot Misses the Net.
17:39 of 2nd period - Shot by Blake McLaughlin.
17:39 of 2nd period - Shot Misses the Net.
17:41 of 2nd period - Shot by Connor Corcoran.
17:41 of 2nd period - Shot Misses the Net.
17:43 of 2nd period - Shot by Paul Bittner.
17:43 of 2nd period - Shot Misses the Net.
17:45 of 2nd period - Shot by Vaclav Karabacek.
17:45 of 2nd period - Shot Misses the Net.
17:47 of 2nd period - Shot by Blake McLaughlin.
17:47 of 2nd period - Stopped by Kevin Mandolese without a rebound.
17:48 of 2nd period - Mike Vecchione wins face-off versus Nicholas Abruzzese in Monsters zone.
17:48 of 2nd period - Mike Vecchione is hit by Sean Day.
17:58 of 2nd period - Shot by Patrick Harper.
17:58 of 2nd period - Stopped by Kevin Mandolese without a rebound.
17:59 of 2nd period - Nicolas Petan wins face-off versus Mason Shaw in Monsters zone.
18:12 of 2nd period - Icing by Thomas Tynan.
18:13 of 2nd period - Thomas Tynan wins face-off versus Nicholas Abruzzese in Crunch zone.
18:13 of 2nd period - Thomas Tynan is hit by Andrew Poturalski.
18:27 of 2nd period - Xavier Bouchard is hit by Andrew Poturalski and loses puck.
18:37 of 2nd period - Icing by Xavier Bouchard.
18:38 of 2nd period - Thomas Tynan wins face-off versus Nicolas Petan in Crunch zone.
18:43 of 2nd period - Shot by Nicolas Petan.
18:43 of 2nd period - Stopped by Tyler Parsons without a rebound.
18:44 of 2nd period - Jean-Christophe Beaudin wins face-off versus Nicolas Petan in Crunch zone.
18:53 of 2nd period - Anthony Angello is hit by Blaine Byron and loses puck.
19:41 of 2nd period - Shot by Alex Formenton.
19:41 of 2nd period - Shot Misses the Net.
19:43 of 2nd period - Shot by Alex Formenton.
19:43 of 2nd period - Stopped by Tyler Parsons with a rebound.
19:45 of 2nd period - Shot by Alex Formenton.
19:45 of 2nd period - Shot Misses the Net.
19:47 of 2nd period - Shot by Nicholas Abruzzese.
19:47 of 2nd period - Goal by Nicholas Abruzzese - Crunch : 0 - Monsters : 2.
19:48 of 2nd period - Thomas Tynan wins face-off versus Max Willman in neutral zone.
Goals for this period are 0 for Crunch vs 1 for Monsters.
Shots for this period are 11 for Crunch vs 7 for Monsters.

3rd period


0:01 of 3rd period - Thomas Tynan wins face-off versus Andrew Poturalski in neutral zone.
0:06 of 3rd period - Icing by Alex Formenton.
0:07 of 3rd period - Thomas Tynan wins face-off versus Nicholas Abruzzese in Monsters zone.
0:23 of 3rd period - Shot by Nicholas Abruzzese.
0:23 of 3rd period - Stopped by Tyler Parsons with a rebound.
0:33 of 3rd period - Shot by Alex Formenton.
0:33 of 3rd period - Shot Misses the Net.
0:39 of 3rd period - Shot by Andrew Poturalski.
0:39 of 3rd period - Shot Misses the Net.
0:45 of 3rd period - Shot by Nicholas Abruzzese.
0:45 of 3rd period - Stopped by Tyler Parsons without a rebound.
0:46 of 3rd period - Nicolas Petan wins face-off versus Mike Vecchione in Crunch zone.
1:15 of 3rd period - Shot by Mike Vecchione.
1:15 of 3rd period - Deflect By Nicolas Aube-Kubel.
1:15 of 3rd period - Stopped by Kevin Mandolese without a rebound.
1:16 of 3rd period - Jean-Christophe Beaudin wins face-off versus Max Willman in Monsters zone.
1:16 of 3rd period - Jean-Christophe Beaudin is hit by Chris Bigras.
1:23 of 3rd period - Shot by Kody Clark.
1:23 of 3rd period - Shot Hit the Post.
1:25 of 3rd period - Shot by Kody Clark.
1:25 of 3rd period - Stopped by Kevin Mandolese without a rebound.
1:26 of 3rd period - Nicholas Abruzzese wins face-off versus Thomas Tynan in Monsters zone.
1:36 of 3rd period - Shot by Andrew Poturalski.
1:36 of 3rd period - Stopped by Tyler Parsons with a rebound.
1:38 of 3rd period - Shot by Andrew Poturalski.
1:38 of 3rd period - Shot Misses the Net.
1:40 of 3rd period - Shot by Andrew Poturalski.
1:40 of 3rd period - Shot Misses the Net.
1:44 of 3rd period - Shot by Andrew Poturalski.
1:44 of 3rd period - Stopped by Tyler Parsons without a rebound.
1:45 of 3rd period - Nicolas Petan wins face-off versus Jean-Christophe Beaudin in Crunch zone.
1:53 of 3rd period - Icing by Connor Corcoran.
1:54 of 3rd period - Nicholas Abruzzese wins face-off versus Jean-Christophe Beaudin in Crunch zone.
3:26 of 3rd period - Shot by Garnet Hathaway.
3:26 of 3rd period - Shot Misses the Net.
4:28 of 3rd period - Shot by Max Willman.
4:28 of 3rd period - Stopped by Tyler Parsons with a rebound.
4:30 of 3rd period - Shot by Nathan Walker.
4:30 of 3rd period - Goal by Nathan Walker - Crunch : 0 - Monsters : 3.
4:31 of 3rd period - Nicholas Abruzzese wins face-off versus Blake McLaughlin in neutral zone.
5:06 of 3rd period - Minor Penalty to Garnet Hathaway for Cross-checking.
5:07 of 3rd period - Nicholas Abruzzese wins face-off versus Thomas Tynan in Crunch zone.
5:10 of 3rd period - Shot by Alex Formenton.
5:10 of 3rd period - Shot Blocked by Thomas Tynan.
5:22 of 3rd period - Shot by Dysin Mayo.
5:22 of 3rd period - Shot Blocked by Mikko Kokkonen.
5:35 of 3rd period - Shot by Alex Formenton.
5:35 of 3rd period - Stopped by Tyler Parsons with a rebound.
6:43 of 3rd period - Icing by Mitch Reinke.
6:44 of 3rd period - Blaine Byron wins face-off versus Nicholas Abruzzese in Monsters zone.
6:57 of 3rd period - Shot by Andrew Poturalski.
6:57 of 3rd period - Shot Misses the Net.
6:59 of 3rd period - Shot by Nicholas Abruzzese.
6:59 of 3rd period - Stopped by Tyler Parsons without a rebound.
7:00 of 3rd period - Thomas Tynan wins face-off versus Nicholas Abruzzese in Crunch zone.
7:06 of 3rd period - Icing by Sean Day.
7:07 of 3rd period - Max Willman wins face-off versus Blake McLaughlin in Monsters zone.
7:11 of 3rd period - Mitch Reinke is hit by Vojtech Budik and loses puck.
7:14 of 3rd period - Shot by Nathan Walker.
7:14 of 3rd period - Shot Misses the Net.
7:43 of 3rd period - Justin Bailey is hit by Vojtech Budik and loses puck.
8:12 of 3rd period - Shot by Blade Jenkins.
8:12 of 3rd period - Deflect By Ryan Fitzgerald.
8:12 of 3rd period - Stopped by Tyler Parsons with a rebound.
8:28 of 3rd period - Shot by Alex Formenton.
8:28 of 3rd period - Stopped by Tyler Parsons without a rebound.
8:29 of 3rd period - Nicolas Petan wins face-off versus Jean-Christophe Beaudin in Crunch zone.
9:05 of 3rd period - Blaine Byron is hit by Mason Geertsen and loses puck.
9:18 of 3rd period - Icing by Mikko Kokkonen.
9:19 of 3rd period - Max Willman wins face-off versus Jean-Christophe Beaudin in Crunch zone.
9:23 of 3rd period - Justin Bailey is hit by Connor Corcoran and loses puck.
9:41 of 3rd period - Max Willman is hit by Jaycob Megna and loses puck.
10:00 of 3rd period - Shot by Thomas Tynan.
10:00 of 3rd period - Shot Misses the Net.
10:05 of 3rd period - Max Willman is hit by Garnet Hathaway and loses puck.
10:38 of 3rd period - Nicolas Aube-Kubel is hit by Andrew Poturalski and loses puck.
11:10 of 3rd period - Icing by Xavier Bouchard.
11:11 of 3rd period - Nicolas Petan wins face-off versus Nicolas Aube-Kubel in Crunch zone.
11:42 of 3rd period - Icing by Jean-Christophe Beaudin.
11:43 of 3rd period - Jean-Christophe Beaudin wins face-off versus Max Willman in Crunch zone.
11:49 of 3rd period - Off-side.
11:50 of 3rd period - Blake McLaughlin wins face-off versus Max Willman in neutral zone.
11:54 of 3rd period - Axel Andersson is hit by Sean Day and loses puck.
12:08 of 3rd period - Max Willman is hit by Jaycob Megna and loses puck.
12:13 of 3rd period - Shot by Max Willman.
12:13 of 3rd period - Shot Blocked by Axel Andersson.
12:17 of 3rd period - Shot by Max Willman.
12:17 of 3rd period - Shot Blocked by Jaycob Megna.
12:19 of 3rd period - Shot by Nathan Walker.
12:19 of 3rd period - Goal by Nathan Walker - Crunch : 0 - Monsters : 4.
12:20 of 3rd period - Thomas Tynan wins face-off versus Andrew Poturalski in neutral zone.
12:27 of 3rd period - Shot by Thomas Tynan.
12:27 of 3rd period - Shot Misses the Net.
12:29 of 3rd period - Shot by Garnet Hathaway.
12:29 of 3rd period - Shot Blocked by Adam Ginning.
12:37 of 3rd period - Shot by Garnet Hathaway.
12:37 of 3rd period - Shot Misses the Net.
12:39 of 3rd period - Shot by Garnet Hathaway.
12:39 of 3rd period - Stopped by Kevin Mandolese without a rebound.
12:40 of 3rd period - Nicolas Petan wins face-off versus Jean-Christophe Beaudin in Monsters zone.
12:50 of 3rd period - Nicolas Petan is hit by Xavier Bouchard and loses puck.
12:55 of 3rd period - Shot by Nicolas Petan.
12:55 of 3rd period - Stopped by Tyler Parsons without a rebound.
12:56 of 3rd period - Thomas Tynan wins face-off versus Nicholas Abruzzese in Crunch zone.
12:56 of 3rd period - Thomas Tynan is hit by Alex Formenton.
12:59 of 3rd period - Icing by Garnet Hathaway.
13:00 of 3rd period - Nicholas Abruzzese wins face-off versus Thomas Tynan in Crunch zone.
13:53 of 3rd period - Off-side.
13:54 of 3rd period - Nicolas Petan wins face-off versus Blaine Byron in neutral zone.
14:09 of 3rd period - Shot by Blaine Byron.
14:09 of 3rd period - Deflect By Jean-Christophe Beaudin.
14:09 of 3rd period - Stopped by Kevin Mandolese without a rebound.
14:10 of 3rd period - Mike Vecchione wins face-off versus Nathan Walker in Monsters zone.
14:10 of 3rd period - Nicolas Aube-Kubel is hit by Mitch Reinke and loses puck.
15:53 of 3rd period - Shot by Jean-Christophe Beaudin.
15:53 of 3rd period - Shot Misses the Net.
16:11 of 3rd period - Shot by Mason Shaw.
16:11 of 3rd period - Shot Misses the Net.
16:13 of 3rd period - Shot by Thomas Tynan.
16:13 of 3rd period - Shot Misses the Net.
16:25 of 3rd period - Shot by Mason Shaw.
16:25 of 3rd period - Shot Blocked by Adam Ginning.
16:27 of 3rd period - Shot by Thomas Tynan.
16:27 of 3rd period - Stopped by Kevin Mandolese with a rebound.
16:33 of 3rd period - Shot by Mason Shaw.
16:33 of 3rd period - Shot Blocked by Adam Ginning.
16:35 of 3rd period - Shot by Mason Shaw.
16:35 of 3rd period - Stopped by Kevin Mandolese without a rebound.
16:36 of 3rd period - Blake McLaughlin wins face-off versus Nicolas Petan in Monsters zone.
16:47 of 3rd period - Shot by Dysin Mayo.
16:47 of 3rd period - Stopped by Tyler Parsons without a rebound.
16:48 of 3rd period - Max Willman wins face-off versus Blake McLaughlin in Crunch zone.
16:54 of 3rd period - Icing by Xavier Bouchard.
16:55 of 3rd period - Paul Bittner wins face-off versus Nicolas Petan in Crunch zone.
17:00 of 3rd period - Shot by Xavier Bouchard.
17:00 of 3rd period - Stopped by Kevin Mandolese with a rebound.
17:51 of 3rd period - Shot by Max Willman.
17:51 of 3rd period - Shot Misses the Net.
17:55 of 3rd period - Shot by Nathan Walker.
17:55 of 3rd period - Stopped by Tyler Parsons with a rebound.
17:57 of 3rd period - Shot by Nathan Walker.
17:57 of 3rd period - Deflect By Justin Bailey.
17:57 of 3rd period - Stopped by Tyler Parsons without a rebound.
17:58 of 3rd period - Thomas Tynan wins face-off versus Blade Jenkins in Crunch zone.
18:43 of 3rd period - Shot by Mason Geertsen.
18:43 of 3rd period - Shot Misses the Net.
18:45 of 3rd period - Shot by Adam Ginning.
18:45 of 3rd period - Stopped by Tyler Parsons with a rebound.
18:47 of 3rd period - Shot by Justin Bailey.
18:47 of 3rd period - Stopped by Tyler Parsons without a rebound.
18:48 of 3rd period - Nicolas Petan wins face-off versus Jean-Christophe Beaudin in Crunch zone.
19:17 of 3rd period - Shot by Nicolas Petan.
19:17 of 3rd period - Deflect By Anthony Angello.
19:17 of 3rd period - Shot Blocked by Connor Corcoran.
19:21 of 3rd period - Shot by Nicolas Petan.
19:21 of 3rd period - Stopped by Tyler Parsons without a rebound.
19:22 of 3rd period - Mike Vecchione wins face-off versus Max Willman in Crunch zone.
19:44 of 3rd period - Icing by Axel Andersson.
19:45 of 3rd period - Mike Vecchione wins face-off versus Nicholas Abruzzese in Crunch zone.
19:45 of 3rd period - Nicolas Aube-Kubel is hit by Alex Formenton and loses puck.
Goals for this period are 0 for Crunch vs 2 for Monsters.
Shots for this period are 7 for Crunch vs 18 for Monsters.